General information
- name: BNet
- type: Ladder team game (AT/RT)
- host: Battle.net
- saver: UhnTissUhnTiss
map: GolemsInTheMist
- players: 8
- length: 48:10
- speed: Fast
- version: 1.26 W3XP
- replay type: Public
» download(234 KB)
Players
team 1 (winner)
Burn_One (
pink | 23 APM | 512 actions | 21:49)
6 Death Knight
3 Death Coil
3 Death Pact
» actions
| Build / train | 67 | |
| Enter build submenu | 17 | |
| Enter hero's abilities submenu | 6 | |
| Right click | 235 | |
| Select / deselect | 144 | |
| Use ability | 43 | |
512 total
» units
| Acolyte | 15 | |
| Ghoul | 2 | |
| Crypt Fiend | 9 | |
| Frost Wyrm | 12 | |
38 total
» upgrades
| Web | 1 | |
| Creature Attack | 2 | |
| Creature Carapace | 2 | |
| Freezing Breath | 1 | |
6 total
» buildings
| Graveyard | 1 | |
| Crypt | 1 | |
| Altar of Darkness | 1 | |
| Ziggurat | 9 | |
| Halls of the Dead | 1 | |
| Tomb of Relics | 1 | |
| Black Citadel | 1 | |
| Sacrificial Pit | 1 | |
| Boneyard | 2 | |
| Spirit Tower | 6 | |
24 total
» build order
00:14 Graveyard
00:19 Crypt
00:26 Altar of Darkness
00:35 Ziggurat
00:51 Halls of the Dead
01:27 Ziggurat
01:49 Tomb of Relics
03:30 Ziggurat
03:46 Black Citadel
03:54 Sacrificial Pit
04:38 Ziggurat
06:13 Boneyard
06:18 Boneyard
06:21 Spirit Tower
07:46 Ziggurat
09:42 Ziggurat
10:44 Spirit Tower
10:46 Spirit Tower
11:43 Ziggurat
13:24 Ziggurat
15:46 Ziggurat
17:57 Spirit Tower
17:58 Spirit Tower
18:00 Spirit Tower
» items
| Scroll of Town Portal | 3 | |
| Potion of Healing | 5 | |
8 total
ItkifBlue (
green | 35 APM | 619 actions | 17:47)
4 Paladin
2 Divine Shield
1 Holy Light
1 Devotion Aura
» actions
| Assign group hotkey | 14 | |
| Basic commands | 56 | |
| Build / train | 47 | |
| Enter build submenu | 25 | |
| Enter hero's abilities submenu | 4 | |
| Give item / drop item | 3 | |
| Remove unit from queue | 1 | |
| Right click | 148 | |
| Select / deselect | 182 | |
| Select group hotkey | 92 | |
| Use ability | 47 | |
619 total
» units
| Peasant | 8 | |
| Rifleman | 11 | |
| Goblin Shredder | 1 | |
| Knight | 1 | |
| Mortar Team | 1 | |
22 total
» upgrades
| Gunpowder | 2 | |
| Armor | 1 | |
| Long Rifles | 1 | |
| Animal War Training | 1 | |
| Swords | 1 | |
| Defend | 0 | |
| Plating | 1 | |
| Flak Cannons | 1 | |
| Barrage | 1 | |
| Fragmentation Shards | 1 | |
| Flare | 1 | |
11 total
» buildings
| Farm | 11 | |
| Altar of Kings | 1 | |
| Blacksmith | 1 | |
| Barracks | 2 | |
| Arcane Vault | 1 | |
| Keep | 1 | |
| Lumber Mill | 2 | |
| Castle | 1 | |
| Workshop | 5 | |
| Town Hall | 1 | |
26 total
» build order
00:08 Farm
00:11 Altar of Kings
00:18 Blacksmith
00:51 Farm
01:50 Barracks
02:13 Barracks
02:59 Arcane Vault
03:07 Farm
03:18 Farm
06:00 Keep
06:04 Lumber Mill
06:38 Farm
06:39 Farm
07:20 Farm
07:21 Farm
07:27 Lumber Mill
08:28 Castle
12:33 Workshop
12:35 Workshop
12:38 Workshop
12:44 Workshop
12:50 Workshop
14:58 Town Hall
15:52 Farm
15:55 Farm
16:07 Farm
» items
| Scroll of Regeneration | 1 | |
| Scroll of Town Portal | 2 | |
| Scroll of Speed | 2 | |
5 total
UhnTissUhnTiss (
teal | 54 APM | 2581 actions | 48:10)
10 Blademaster
3 Wind Walk
3 Critical Strike
1 Bladestorm
3 Mirror Image
1 Paladin
1 Holy Light
» actions
| Assign group hotkey | 69 | |
| Basic commands | 46 | |
| Build / train | 127 | |
| Enter build submenu | 59 | |
| Enter hero's abilities submenu | 11 | |
| Give item / drop item | 5 | |
| Remove unit from queue | 2 | |
| Right click | 1247 | |
| Select / deselect | 561 | |
| Select group hotkey | 212 | |
| Use ability | 242 | |
2581 total
» units
| Peon | 10 | |
| Grunt | 5 | |
| Goblin Shredder | 1 | |
| Wind Rider | 9 | |
| Frost Wyrm | 1 | |
| Goblin Zeppelin | 1 | |
| Troll Batrider | 15 | |
42 total
» upgrades
| Reinforced Defenses | 1 | |
| Ranged Weapons | 3 | |
| Armor | 3 | |
| Envenomed Spears | 1 | |
| Pillage | 1 | |
| Ensnare | 1 | |
| Troll Regeneration | 1 | |
| Burning Oil | 1 | |
| Liquid Fire | 1 | |
13 total
» buildings
| Orc Burrow | 4 | |
| Altar of Storms | 1 | |
| Barracks | 1 | |
| Voodoo Lounge | 2 | |
| Stronghold | 1 | |
| War Mill | 2 | |
| Watch Tower | 39 | |
| Fortress | 1 | |
| Great Hall | 4 | |
| Beastiary | 4 | |
| Necropolis | 1 | |
60 total
» build order
00:14 Orc Burrow
00:52 Altar of Storms
00:53 Barracks
01:09 Orc Burrow
01:39 Voodoo Lounge
01:44 Voodoo Lounge
02:51 Stronghold
02:53 War Mill
02:55 Orc Burrow
04:33 Orc Burrow
04:42 Watch Tower
04:43 Watch Tower
04:44 Watch Tower
04:46 Watch Tower
06:06 Watch Tower
06:09 Watch Tower
06:53 Fortress
07:06 Great Hall
07:08 Watch Tower
07:09 Watch Tower
07:10 Watch Tower
07:11 Watch Tower
07:53 Watch Tower
07:56 Watch Tower
07:58 Watch Tower
08:34 Watch Tower
08:35 Watch Tower
08:36 Watch Tower
08:39 Watch Tower
10:07 Beastiary
10:07 Beastiary
10:10 Beastiary
11:23 Beastiary
13:47 War Mill
21:06 Watch Tower
21:06 Watch Tower
21:07 Watch Tower
21:08 Watch Tower
21:09 Watch Tower
21:09 Watch Tower
21:10 Watch Tower
21:11 Watch Tower
36:27 Great Hall
36:32 Watch Tower
36:33 Watch Tower
36:33 Watch Tower
36:34 Watch Tower
36:46 Great Hall
36:49 Watch Tower
36:50 Watch Tower
37:50 Great Hall
38:03 Watch Tower
38:05 Watch Tower
38:07 Watch Tower
38:12 Watch Tower
38:27 Watch Tower
38:27 Watch Tower
46:48 Necropolis
» items
| Healing Salve | 10 | |
| Potion of Mana | 9 | |
| Lesser Clarity Potion | 7 | |
| Scroll of Town Portal | 12 | |
| Potion of Healing | 10 | |
| Orb of Lightning | 2 | |
| Orb of Corruption | 1 | |
51 total
team 2 (loser)

»
OprahsFatAss (
purple | 31 APM | 1398 actions | 45:09)
5 Archmage
3 Summon Water Elemental
2 Brilliance Aura
» actions
| Assign group hotkey | 31 | |
| Basic commands | 14 | |
| Build / train | 78 | |
| Enter build submenu | 22 | |
| Enter hero's abilities submenu | 5 | |
| Remove unit from queue | 1 | |
| Right click | 373 | |
| Select / deselect | 217 | |
| Select group hotkey | 543 | |
| Use ability | 114 | |
1398 total
» units
| Peasant | 16 | |
| Footman | 7 | |
| Priest | 2 | |
| Sorceress | 9 | |
| Knight | 2 | |
| Goblin Zeppelin | 2 | |
| Goblin Shredder | 1 | |
| Rifleman | 2 | |
41 total
» upgrades
| Swords | 2 | |
| Plating | 2 | |
| Masonry | 3 | |
| Priest Training | 2 | |
| Defend | 1 | |
| Sorceress Training | 2 | |
| Animal War Training | 1 | |
| Magic Sentry | 1 | |
| Long Rifles | 1 | |
15 total
» buildings
| Altar of Kings | 1 | |
| Farm | 9 | |
| Scout Tower | 10 | |
| Arcane Tower | 1 | |
| Lumber Mill | 1 | |
| Barracks | 1 | |
| Arcane Vault | 1 | |
| Guard Tower | 2 | |
| Blacksmith | 1 | |
| Keep | 1 | |
| Arcane Sanctum | 2 | |
| Castle | 1 | |
| Town Hall | 3 | |
34 total
» build order
00:09 Altar of Kings
00:14 Farm
00:14 Farm
00:45 Scout Tower
01:14 Arcane Tower
01:42 Lumber Mill
01:51 Barracks
02:00 Scout Tower
02:07 Farm
02:09 Farm
02:29 Arcane Vault
02:49 Guard Tower
03:56 Blacksmith
04:20 Keep
06:07 Farm
06:08 Farm
06:48 Arcane Sanctum
06:49 Arcane Sanctum
07:15 Castle
07:21 Farm
07:22 Farm
13:07 Farm
14:11 Town Hall
15:26 Scout Tower
15:27 Scout Tower
15:28 Scout Tower
15:29 Scout Tower
16:23 Guard Tower
18:14 Town Hall
22:16 Scout Tower
22:17 Scout Tower
22:22 Scout Tower
22:23 Scout Tower
30:11 Town Hall
» items
| Scroll of Regeneration | 2 | |
| Scroll of Town Portal | 1 | |
3 total

»
NY.Yankees (
yellow | 44 APM | 2115 actions | 48:10)
4 Blademaster
2 Wind Walk
2 Critical Strike
4 Shadow Hunter
2 Healing Wave
1 Serpent Ward
1 Hex
3 Tauren Chieftain
2 Endurance Aura
1 War Stomp
» actions
| Assign group hotkey | 26 | |
| Basic commands | 3 | |
| Build / train | 96 | |
| Enter build submenu | 24 | |
| Enter hero's abilities submenu | 12 | |
| Give item / drop item | 6 | |
| Remove unit from queue | 5 | |
| Right click | 883 | |
| Select / deselect | 366 | |
| Select group hotkey | 565 | |
| Use ability | 129 | |
2115 total
» units
| Peon | 7 | |
| Grunt | 5 | |
| Kodo Beast | 1 | |
| Raider | 5 | |
| Troll Batrider | 21 | |
| Shaman | 7 | |
| Goblin Zeppelin | 1 | |
47 total
» upgrades
| Armor | 2 | |
| Melee Weapons | 2 | |
| Pillage | 1 | |
| Spiked Barricades | 1 | |
| Ranged Weapons | 1 | |
| Shaman Training | 2 | |
| Ensnare | 1 | |
| War Drums Damage Increase | 1 | |
11 total
» buildings
| Orc Burrow | 7 | |
| Altar of Storms | 1 | |
| Barracks | 1 | |
| Voodoo Lounge | 1 | |
| War Mill | 1 | |
| Watch Tower | 3 | |
| Stronghold | 1 | |
| Beastiary | 2 | |
| Spirit Lodge | 1 | |
| Fortress | 1 | |
| Great Hall | 4 | |
23 total
» build order
00:09 Orc Burrow
00:16 Altar of Storms
01:06 Barracks
01:25 Voodoo Lounge
01:42 Orc Burrow
02:04 War Mill
05:17 Orc Burrow
05:34 Watch Tower
05:36 Watch Tower
05:37 Watch Tower
06:03 Stronghold
08:28 Beastiary
08:31 Spirit Lodge
08:57 Fortress
13:49 Orc Burrow
14:27 Orc Burrow
18:01 Orc Burrow
18:54 Beastiary
21:58 Great Hall
25:49 Great Hall
25:55 Great Hall
27:37 Orc Burrow
28:40 Great Hall
» items
| Healing Salve | 3 | |
| Lesser Clarity Potion | 4 | |
| Scroll of Speed | 3 | |
| Scroll of Town Portal | 3 | |
| Potion of Healing | 1 | |
| Potion of Mana | 1 | |
| Orb of Fire | 1 | |
| Orb of Lightning | 1 | |
17 total
Nautimus (
orange | 44 APM | 2121 actions | 48:10)
5 Mountain King
3 Storm Bolt
2 Bash
3 Paladin
2 Holy Light
1 Divine Shield
» actions
| Assign group hotkey | 34 | |
| Basic commands | 282 | |
| Build / train | 84 | |
| ESC pressed | 1 | |
| Enter build submenu | 20 | |
| Enter hero's abilities submenu | 8 | |
| Remove unit from queue | 1 | |
| Right click | 564 | |
| Select / deselect | 524 | |
| Select group hotkey | 470 | |
| Use ability | 133 | |
2121 total
» units
| Peasant | 25 | |
| Rifleman | 12 | |
| Goblin Shredder | 1 | |
| Mortar Team | 1 | |
| Flying Machine | 10 | |
49 total
» upgrades
» buildings
| Blacksmith | 1 | |
| Barracks | 2 | |
| Farm | 7 | |
| Altar of Kings | 1 | |
| Arcane Vault | 2 | |
| Keep | 1 | |
| Lumber Mill | 1 | |
| Workshop | 1 | |
| Castle | 1 | |
| Scout Tower | 4 | |
| Arcane Tower | 4 | |
| Guard Tower | 1 | |
26 total
» build order
00:19 Blacksmith
00:35 Barracks
00:50 Farm
01:23 Altar of Kings
01:52 Farm
02:10 Farm
02:46 Farm
03:12 Arcane Vault
05:07 Keep
05:09 Farm
06:30 Barracks
06:33 Lumber Mill
07:15 Farm
08:43 Workshop
09:35 Castle
13:46 Scout Tower
14:10 Arcane Tower
15:38 Farm
21:59 Scout Tower
22:00 Scout Tower
22:28 Arcane Tower
22:30 Guard Tower
22:35 Arcane Vault
25:42 Scout Tower
26:29 Arcane Tower
» items
| Scroll of Regeneration | 5 | |
| Lesser Clarity Potion | 3 | |
| Scroll of Town Portal | 4 | |
| Potion of Mana | 1 | |
| Potion of Healing | 2 | |
15 total
F4gg0tJakeIsAwa (
red | 79 APM | 3827 actions | 48:10)
5 Blood Mage
3 Flame Strike
2 Banish
» actions
| Assign group hotkey | 116 | |
| Basic commands | 361 | |
| Build / train | 209 | |
| ESC pressed | 4 | |
| Enter build submenu | 58 | |
| Enter hero's abilities submenu | 5 | |
| Give item / drop item | 2 | |
| Right click | 1302 | |
| Select / deselect | 450 | |
| Select group hotkey | 1106 | |
| Use ability | 214 | |
3827 total
» units
| Peasant | 16 | |
| Footman | 6 | |
| Goblin Shredder | 1 | |
| Goblin Zeppelin | 4 | |
| Goblin Sapper | 34 | |
| Dragonhawk Rider | 2 | |
| Gryphon Rider | 7 | |
70 total
» upgrades
| Masonry | 3 | |
| Defend | 1 | |
| Swords | 3 | |
| Armor | 3 | |
| Lumber Harvesting | 2 | |
| Animal War Training | 1 | |
| Cloud | 1 | |
| Storm Hammers | 1 | |
15 total
» buildings
| Altar of Kings | 1 | |
| Barracks | 1 | |
| Farm | 15 | |
| Arcane Vault | 1 | |
| Lumber Mill | 1 | |
| Town Hall | 3 | |
| Scout Tower | 52 | |
| Keep | 4 | |
| Blacksmith | 1 | |
| Guard Tower | 65 | |
| Castle | 2 | |
| Gryphon Aviary | 6 | |
152 total
» build order
01:04 Altar of Kings
01:06 Barracks
01:11 Farm
01:19 Farm
01:36 Farm
01:56 Arcane Vault
02:00 Farm
02:28 Lumber Mill
03:47 Farm
04:24 Farm
04:43 Town Hall
05:54 Scout Tower
05:54 Scout Tower
05:56 Scout Tower
05:59 Scout Tower
06:01 Scout Tower
07:10 Keep
07:10 Keep
07:10 Keep
07:15 Blacksmith
07:19 Guard Tower
07:19 Guard Tower
07:19 Guard Tower
07:34 Scout Tower
07:38 Scout Tower
07:39 Scout Tower
08:22 Guard Tower
08:22 Guard Tower
08:22 Guard Tower
08:36 Scout Tower
08:38 Scout Tower
09:08 Guard Tower
09:09 Guard Tower
09:09 Guard Tower
09:13 Guard Tower
09:17 Scout Tower
09:18 Scout Tower
10:07 Castle
10:07 Castle
10:09 Gryphon Aviary
10:11 Gryphon Aviary
10:23 Gryphon Aviary
10:28 Guard Tower
11:49 Scout Tower
11:51 Scout Tower
11:52 Scout Tower
11:53 Scout Tower
11:57 Scout Tower
11:59 Scout Tower
12:26 Guard Tower
12:27 Guard Tower
12:27 Guard Tower
12:27 Guard Tower
12:27 Guard Tower
12:28 Guard Tower
12:42 Guard Tower
12:42 Guard Tower
12:42 Guard Tower
13:02 Guard Tower
13:02 Guard Tower
13:02 Guard Tower
18:03 Farm
18:05 Farm
18:07 Farm
18:08 Farm
18:12 Scout Tower
18:12 Scout Tower
18:12 Scout Tower
18:14 Scout Tower
18:14 Scout Tower
18:15 Scout Tower
18:15 Scout Tower
18:17 Scout Tower
18:18 Scout Tower
18:21 Scout Tower
18:23 Scout Tower
18:27 Scout Tower
18:28 Scout Tower
19:04 Guard Tower
19:04 Guard Tower
19:05 Guard Tower
19:44 Guard Tower
19:44 Guard Tower
19:45 Guard Tower
19:57 Guard Tower
19:57 Guard Tower
19:57 Guard Tower
20:56 Guard Tower
20:57 Guard Tower
20:57 Guard Tower
22:00 Town Hall
22:02 Scout Tower
22:03 Scout Tower
22:04 Scout Tower
22:04 Scout Tower
22:06 Scout Tower
22:07 Scout Tower
22:09 Scout Tower
22:09 Scout Tower
22:10 Scout Tower
22:12 Scout Tower
22:13 Scout Tower
22:13 Scout Tower
22:15 Scout Tower
22:16 Scout Tower
22:18 Scout Tower
22:19 Scout Tower
22:20 Scout Tower
22:25 Scout Tower
22:26 Scout Tower
22:26 Scout Tower
22:27 Scout Tower
22:42 Guard Tower
22:42 Guard Tower
23:28 Gryphon Aviary
23:32 Gryphon Aviary
23:32 Gryphon Aviary
23:35 Guard Tower
23:35 Guard Tower
23:36 Guard Tower
26:18 Guard Tower
26:19 Guard Tower
26:19 Guard Tower
26:19 Guard Tower
37:19 Town Hall
39:13 Farm
39:14 Farm
39:15 Farm
39:18 Farm
39:23 Farm
» items
| Mechanical Critter | 4 | |
| Scroll of Regeneration | 3 | |
| Lesser Clarity Potion | 5 | |
| Scroll of Town Portal | 3 | |
| Staff of Sanctuary | 1 | |
| Potion of Mana | 4 | |
| Orb of Lightning | 1 | |
| Tiny Great Hall | 1 | |
22 total
Chat log
(00:10 / All) Emirates-Rocks: <<<<<<<<<<<<<<<
(01:04 / All) UhnTissUhnTiss: DON"T LET GO NEVER GIVE UP ITS SUCH A WONDERFUL LFIE
(02:30 / Allies) UhnTissUhnTiss: can I get some feed blue
(02:59 / Allies) UhnTissUhnTiss: ty
(03:10 / Allies) UhnTissUhnTiss: blue a bot?
(03:43 / All) Emirates-Rocks: CUZ IF U WANT TO KEEP ME
(03:47 / All) Emirates-Rocks: U GOTTA LOVE ME HARDER
(03:50 / All) Emirates-Rocks: AND IF U RLY NEED ME
(03:55 / All) Emirates-Rocks: U GOTTA KEEP TO LOVE ME AHRDER
(03:57 / All) Emirates-Rocks: TRALALALALA
(08:41 / Allies) UhnTissUhnTiss: lumbers
(11:34 / Allies) UhnTissUhnTiss: feed?
(11:44 / Allies) UhnTissUhnTiss: nvm
(12:37 / Allies) UhnTissUhnTiss: gonna take it
(14:50 / All) Emirates-Rocks: Ally is wasting time
(14:52 / All) Emirates-Rocks: GG u win
(17:38 / All) F4gg0tJakeIsAwa: wow pink sucks with wyrms big time
(18:29 / Allies) UhnTissUhnTiss: cummin
(19:01 / Allies) UhnTissUhnTiss: hit top bases
(19:02 / Allies) UhnTissUhnTiss: they weak
(19:05 / Allies) UhnTissUhnTiss: come with me
(21:56 / All) UhnTissUhnTiss: cowards they're everywhere!
(22:15 / All) UhnTissUhnTiss: he lefty with 1200 1200
(22:18 / All) UhnTissUhnTiss: level 6 dk
(33:19 / All) F4gg0tJakeIsAwa: Tenho uma equipe de idiotas americano
(33:27 / All) F4gg0tJakeIsAwa:
(33:31 / All) F4gg0tJakeIsAwa: noobs
(33:33 / All) F4gg0tJakeIsAwa: jajaja
(37:51 / All) F4gg0tJakeIsAwa: VOCÊ PERDEU NOOBS JAJAJA
(42:07 / All) Nautimus: he's gonna put that level 10 blademaster up your ass since youre letting him expand
(42:29 / All) UhnTissUhnTiss: newbies say the damndest things
(43:20 / All) UhnTissUhnTiss: vermhelo e meu amigo noobs
(43:29 / All) F4gg0tJakeIsAwa: teal is brasil
(43:42 / All) UhnTissUhnTiss: FORSA BRASIL
(43:45 / All) UhnTissUhnTiss: BRASIL STRONG
(43:48 / All) F4gg0tJakeIsAwa: FORSA BRASIL!!!!!
(44:04 / All) Nautimus: one of you two noobs is gonna take the loss, im here to enjoy and then report
(44:09 / All) F4gg0tJakeIsAwa: LOL
(44:10 / All) F4gg0tJakeIsAwa: JAJAJAJAJAJA
(45:34 / All) UhnTissUhnTiss: HUEHUEHUE
(45:38 / All) UhnTissUhnTiss: HUEHUEHUEHUE
(45:39 / All) F4gg0tJakeIsAwa: HUEHUEHUEHUE
(45:41 / All) F4gg0tJakeIsAwa: JAJAJAJAJAJA
(45:43 / All) F4gg0tJakeIsAwa: JAJAJAJAJAJAAJAJ
(45:46 / All) UhnTissUhnTiss: JAJAJAJAJA
(45:49 / All) UhnTissUhnTiss: HUEHUEHUE
(46:07 / All) UhnTissUhnTiss: BRASIL IS BEST
(46:13 / All) F4gg0tJakeIsAwa: BRASIL #!11111!
(46:14 / All) UhnTissUhnTiss: BRASIL BEST STRONG COUNTRY
(46:20 / All) F4gg0tJakeIsAwa: BRASIL STRONG
(46:20 / All) UhnTissUhnTiss: HUEHUEHUEHUE
(46:27 / All) F4gg0tJakeIsAwa: NYYANEES
(46:30 / All) F4gg0tJakeIsAwa: YANKEE NOOBS
(46:42 / All) F4gg0tJakeIsAwa: Oj yellow u anything to say to ur brasilian owners?
(46:46 / All) F4gg0tJakeIsAwa: before u loose?
(46:56 / All) F4gg0tJakeIsAwa: jajaja i forget 2 building
(47:25 / All) F4gg0tJakeIsAwa: u americanos has something to say to strong brasils?
(47:39 / All) F4gg0tJakeIsAwa: we2 brasil tk crew
(47:40 / All) F4gg0tJakeIsAwa: we own u